 Dungeon Sprint DCSS version 0.17-a0-1923-gc35365e (webtiles) character file.

68765 Kidiri the Imperceptible (level 13, -5/55 HPs)
             Began as a Spriggan Enchanter on Sept 28, 2015.
             Was the Champion of Dithmenos.
             Shot with a bolt by a yaktaur captain (13 damage)
             ... in the Dungeon (Sprint III: "The Ten Rune Challenge").
             The game lasted 00:25:08 (5187 turns).

Kidiri the Imperceptible (Spriggan Enchanter)       Turns: 5187, Time: 00:25:08

Health: -5/55      AC:  7    Str: 11    XL:     13   Next: 76%
Magic:  11/27      EV: 35    Int: 25    God:    Dithmenos [******]
Gold:   778        SH:  0    Dex: 17    Spells: 13 memorised, 5 levels left

rFire  + + .     SeeInvis +     b - +9 rapier of Gaps {pierce, rC+++ MP-9 Str+4}
rCold  + + +     Clarity  +     p - +2 robe {rC+ rF+}
rNeg   + + +     SustAt   +     (shield restricted)
rPois  .         Gourm    .     v - +1 hat {Int+3}
rElec  .         Spirit   .     C - +1 cloak
rCorr  .         Warding  .     (gloves unavailable)
rMut   .         NoTele   +     (boots unavailable)
MR     +++++                    a - amulet of the Four Winds {Clar rN+ MR+++}
Stlth  ++++++++++               z - ring "Idghaabra" {SustAt rF++ rN++ Stlth-}
                                c - ring "Tenuic Tog" {+Blink rF- rN+ Str+3 Int+3}

@: wreathed by umbra, studying Stealth, very quick, almost entirely resistant to
hostile enchantments, uncannily stealthy
A: unfitting armour, horns 1, see invisible, clumsy 1, herbivore 3, speed 3,
slow metabolism 2, subdued magic 1
a: Shadow Step, Shadow Form, Renounce Religion, Evoke Blink
}: 2/10 runes: serpentine, barnacled


You were in the Dungeon.
You worshipped Dithmenos.
Dithmenos was exalted by your worship.
You were not hungry.

You visited 1 branch You collected 5810 gold pieces.
You spent 5032 gold pieces at shops.

Inventory:

Hand weapons
 b - the +9 rapier of Gaps (weapon) {pierce, rC+++ MP-9 Str+4}
   (You found it in the Dungeon)

   It inflicts extra damage upon your enemies.
   It affects your strength (+4).
   It renders you almost immune to cold.
   It affects your magic capacity (-9).
Armour
 p - a +2 robe of resistance (worn)
 v - a +1 hat of intelligence (worn)
 C - a +1 cloak (worn)
Jewellery
 a - the amulet of the Four Winds (around neck) {Clar rN+ MR+++}
   (You bought it in a shop in the Dungeon)

   [amulet of clarity]

   It provides mental clarity.
   It protects you from negative energy.
   It affects your resistance to hostile enchantments.
 c - the ring "Tenuic Tog" (left hand) {+Blink rF- rN+ Str+3 Int+3}
   (You bought it in a shop in the Dungeon)

   [ring of strength]

   It affects your strength (+3).
   It affects your intelligence (+3).
   It makes you vulnerable to fire.
   It protects you from negative energy.
   It lets you blink.
 y - an uncursed ring of poison resistance
 z - the ring "Idghaabra" (right hand) {SustAt rF++ rN++ Stlth-}
   (You bought it in a shop in the Dungeon)

   [ring of sustain attributes]

   It sustains your strength, intelligence and dexterity.
   It greatly protects you from fire.
   It greatly protects you from negative energy.
   It makes you less stealthy.
Magical devices
 d - a wand of slowing (21)
 f - a wand of heal wounds (2)
Scrolls
 j - 2 scrolls of blinking
 k - a scroll of enchant weapon
 l - a scroll of holy word
 m - a scroll of recharging
 n - 3 scrolls of remove curse
 r - a scroll of torment {unknown}
Potions
 e - a potion of berserk rage
 g - 2 potions of haste
 h - a potion of might
 i - 2 potions of brilliance
 q - 4 potions of flight
 s - 8 potions of curing
 u - a potion of magic
 B - 4 potions of heal wounds
Books
 x - a manual of Stealth
Comestibles
 o - 22 royal jellies
 t - 10 fruits


   Skills:
 * Level 16.7 Short Blades
 * Level 20.7 Dodging
 + Level 23.1 Stealth
 * Level 18.1 Spellcasting
 + Level 8.6 Conjurations
 + Level 13.8 Hexes
 + Level 14.0 Translocations
 + Level 9.5 Ice Magic
 + Level 0.1 Air Magic
 + Level 0.8 Poison Magic
 - Level 3.1 Invocations
 + Level 1.6 Evocations


You had 5 spell levels left.
You knew the following spells:

 Your Spells              Type           Power        Failure   Level  Hunger
a - Corona                Hex            ######.      0%          1    None
b - Ensorcelled Hibernat  Hex/Ice        ######       0%          2    None
c - Confuse               Hex            ######..     0%          3    None
d - Tukima's Dance        Hex            ######..     0%          3    None
e - Dazzling Spray        Conj/Hex       ######..     0%          3    None
f - Apportation           Tloc           ######....   0%          1    None
g - Invisibility          Hex            ######..     1%          6    ###....
h - Slow                  Hex            ######..     0%          2    None
i - Gell's Gravitas       Hex/Tloc       ######....   0%          3    None
j - Cause Fear            Hex            ######....   0%          4    None
k - Mephitic Cloud        Conj/Pois/Air  ####....     1%          3    None
l - Freezing Cloud        Conj/Ice/Air   #####.....   16%         6    ###....
m - Poisonous Cloud       Conj/Pois/Air  ####......   77%         6    ###....


Dungeon Overview and Level Annotations

Branches:
Dungeon (1/1)

Altars:
Cheibriados
Dithmenos
Elyvilon
Fedhas
Gozag
Kikubaaqudgha
Makhleb
Nemelex Xobeh
Okawaru
Qazlal
Ru
Sif Muna
Trog
Vehumet
Xom
Yredelemnul
Zin
The Shining One
Jiyva
Lugonu

Shops:
D [%}=![::=}%(?[:=}![


Innate Abilities, Weirdness & Mutations

You are tiny and cannot use many weapons and most armour.
You have supernaturally acute eyesight.
You are a herbivore.
You cover ground extremely quickly.
You need consume almost no food.
You have a pair of small horns on your head.
You are clumsy. (Dex -2)
Your spells are a little easier to cast, but a little less powerful.


Message History

Aiming: Freezing Cloud
Press: ? - help, Dir - move target cursor, f - yaktaur captain
Aim: a yaktaur captain (lightly wounded, hasn't noticed you, umbra)
The bush is engulfed in freezing vapours. x4
The yaktaur captain is engulfed in freezing vapours.
The yaktaur captain wields an uncursed arbalest of chaos.
It is briefly surrounded by a scintillating aura of random colours.
The yaktaur captain shoots a bolt.
The bolt closely misses you.
Number of times to repeat, then command key: You must enter the number of times for the command to repeat.
The bush is engulfed in freezing vapours. x3
The bush is engulfed in freezing vapours. x2
You destroy the bush!
The bush is engulfed in freezing vapours. x2
The yaktaur captain is engulfed in freezing vapours.
The yaktaur captain shoots a bolt.
The bolt hits you!!!
Ouch! That really hurt!
* * * LOW HITPOINT WARNING * * *
You emit a cloud of dark smoke.
You are electrocuted!
You die...

≈≈≈*,,,*,*,+≈≈,,,,,,,*
≈≈≈###############*+##
≈≈≈#[..#...#..#......#
≈≈≈#...#...#..#..PP§§#
≈≈≈##+###+##..#..P.Pc#
≈###.......+..#..P.P§#
##.#.#####.####...§..#
#..'.#)..+.#).#§§....#
'..#######.+..#§@§...#
####..,..#.####%§....#
⌠∩.#..#..#.#..#......#
⌠∩.#.#)#.#.'..#......#
∩∩.#....)#.#..#......#
∩∩.#)....#.#..'......#
...#.#)#.+.#..#......#
+###..#..#.#..#......#
.⌠.#)....###########+#


You could see a yaktaur captain.

Vanquished Creatures
  Rupert (D)
  Gastronok (D)
  A kraken (D)
  Dowan (D)
  A greater naga (D)
  Maud (D)
  2 dire elephants (D)
  Josephine (D)
  A fire dragon (D)
  2 hydras (D)
  A naga warrior (D)
  3 anacondas (D)
  4 dancing weapons (D)
  4 death yaks (D)
  2 centaur warriors (D)
  A death drake (D)
  2 unseen horrors (D)
  A spriggan druid (D)
  A lindwurm (D)
  3 ugly things (D)
  An orc sorcerer (D)
  2 elephants (D)
  3 black mambas (D)
  A guardian serpent (D)
  Duvessa (D)
  An orange crystal statue (D)
  2 spiny frogs (D)
  A queen bee (D)
  A komodo dragon (D)
  A deep elf priest (D)
  3 wandering mushrooms (D)
  A fire drake (D)
  4 spriggan defenders (D)
  6 snapping turtles (D)
  2 merfolk (shapeshifter) (D)
  3 slime creatures (D)
  A shadow (D)
  8 blink frogs (D)
  3 redbacks (D)
  2 spriggans (D)
  A spatial vortex (D)
  A swamp drake (D)
  2 nagas (D)
  7 water moccasins (D)
  A necrophage (D)
  4 orc warriors (D)
  2 brain worms (D)
  An earth elemental (D)
  2 centaurs (D)
  A water elemental (D)
  32 killer bees (D)
  An electric eel (D)
  A jelly (D)
  6 orc priests (D)
  A wizard (D)
  An orc wizard (D)
  A necromancer (D)
  A kobold demonologist (D)
  3 humans (D)
  3 adders (D)
  An ooze (D)
  A phantom (D)
  9 orcs (D)
  3 rats (D)
  A bush (D)
  5 plants (D)
173 creatures vanquished.

Vanquished Creatures (collateral kills)
  An orc warrior (D)
1 creature vanquished.

Vanquished Creatures (others)
  2 draconian scorchers (D)
  2 yaktaurs (D)
  A bush (D)
  A fungus (D)
  7 plants (D)
13 creatures vanquished.

Grand Total: 187 creatures vanquished

Notes
Turn   | Place    | Note
--------------------------------------------------------------
     0 | D        | Kidiri the Spriggan Enchanter began the quest for the Orb.
     0 | D        | Reached XP level 1. HP: 9/9 MP: 5/5
    28 | D        | Reached skill level 5 in Stealth
    81 | D        | Killed a yaktaur
   121 | D        | Reached XP level 2. HP: 13/13 MP: 5/7
   125 | D        | Learned a level 2 spell: Ensorcelled Hibernation
   156 | D        | Reached XP level 3. HP: 16/16 MP: 4/9
   174 | D        | Gained mutation: Your spells are a little easier to cast, but a little less powerful. [potion of mutation]
   174 | D        | Gained mutation: You possess an exceptional clarity of mind. [potion of mutation]
   174 | D        | Gained mutation: You are weak. (Str -2) [potion of mutation]
   175 | D        | Gained mutation: You are robust (+10% HP). [potion of mutation]
   175 | D        | Gained mutation: You heal slowly when monsters are visible. [potion of mutation]
   175 | D        | Gained mutation: You are clumsy. (Dex -2) [potion of mutation]
   176 | D        | Gained mutation: You are resistant to hostile enchantments. [potion of mutation]
   176 | D        | Gained mutation: You have a pair of small horns on your head. [potion of mutation]
   177 | D        | Lost mutation: You heal slowly when monsters are visible. [potion of cure mutation]
   177 | D        | Lost mutation: You possess an exceptional clarity of mind. [potion of cure mutation]
   177 | D        | Lost mutation: You are robust (+10% HP). [potion of cure mutation]
   177 | D        | Lost mutation: You are weak. (Str -2) [potion of cure mutation]
   177 | D        | Lost mutation: You are resistant to hostile enchantments. [potion of cure mutation]
   203 | D        | Learned a level 3 spell: Confuse
   207 | D        | Learned a level 3 spell: Tukima's Dance
   210 | D        | Noticed a water elemental
   222 | D        | Killed a water elemental
   222 | D        | Reached skill level 6 in Dodging
   222 | D        | Reached skill level 7 in Stealth
   222 | D        | Reached skill level 5 in Spellcasting
   222 | D        | Reached skill level 1 in Ice Magic
   222 | D        | Reached XP level 4. HP: 3/21 MP: 10/12
   230 | D        | Learned a level 3 spell: Dazzling Spray
   230 | D        | Killed a white draconian scorcher
   230 | D        | Killed a white draconian scorcher
   486 | D        | Noticed a jelly
   487 | D        | Noticed a shadow
   509 | D        | HP: 1/21 [shadow (8)]
   549 | D        | Killed a shadow
   549 | D        | Reached skill level 5 in Short Blades
   549 | D        | Reached skill level 8 in Dodging
   549 | D        | Reached skill level 9 in Stealth
   549 | D        | Reached skill level 1 in Conjurations
   549 | D        | Reached skill level 5 in Hexes
   549 | D        | Reached XP level 5. HP: 3/24 MP: 1/15
   929 | D        | Killed a jelly
   929 | D        | Reached XP level 6. HP: 24/28 MP: 10/17
  1036 | D        | Found a stormy altar of Qazlal.
  1036 | D        | Noticed a spatial vortex
  1037 | D        | Found a sacrificial altar of Ru.
  1037 | D        | Found a burning altar of Makhleb.
  1037 | D        | Found a viscous altar of Jiyva.
  1037 | D        | Found a shimmering altar of Xom.
  1037 | D        | Found a shadowy altar of Dithmenos.
  1037 | D        | Found a sparkling altar of Nemelex Xobeh.
  1037 | D        | Found a corrupted altar of Lugonu.
  1037 | D        | Found an opulent altar of Gozag.
  1041 | D        | Became a worshipper of Dithmenos the Shadowed
  1058 | D        | Killed a spatial vortex
  1058 | D        | Reached skill level 10 in Stealth
  1058 | D        | Reached skill level 1 in Invocations
  1184 | D        | Found a radiant altar of Vehumet.
  1185 | D        | Found a deep blue altar of Sif Muna.
  1185 | D        | Found an ancient bone altar of Kikubaaqudgha.
  1185 | D        | Noticed a wizard
  1186 | D        | Killed a wizard
  1204 | D        | Learned a level 1 spell: Apportation
  1211 | D        | Learned a level 6 spell: Invisibility
  1230 | D        | Found a glowing silver altar of Zin.
  1231 | D        | Found a glowing golden altar of the Shining One.
  1231 | D        | Found a white marble altar of Elyvilon.
  1231 | D        | Noticed a deep elf priest
  1236 | D        | Killed a deep elf priest
  1236 | D        | Reached skill level 10 in Dodging
  1236 | D        | Reached skill level 11 in Stealth
  1236 | D        | Reached XP level 7. HP: 9/32 MP: 10/20
  1470 | D        | Learned a level 2 spell: Slow
  1473 | D        | Found an iron altar of Okawaru.
  1474 | D        | Found a bloodstained altar of Trog.
  1474 | D        | Noticed a human
  1474 | D        | Noticed a human
  1476 | D        | Killed a human
  1477 | D        | Killed a human
  1494 | D        | Found a snail-covered altar of Cheibriados.
  1494 | D        | Noticed a necrophage
  1497 | D        | Noticed a necromancer
  1501 | D        | Killed a necrophage
  1501 | D        | Acquired Dithmenos's first power
  1516 | D        | Killed a necromancer
  1516 | D        | Reached skill level 12 in Stealth
  1516 | D        | Reached XP level 8. HP: 33/36 MP: 1/22
  1517 | D        | Found a basalt altar of Yredelemnul.
  1517 | D        | Found a blossoming altar of Fedhas.
  1529 | D        | Learned a level 3 spell: Gell's Gravitas
  1638 | D        | Noticed Josephine
  1641 | D        | Killed Josephine
  1641 | D        | Reached skill level 13 in Stealth
  1641 | D        | Reached skill level 10 in Spellcasting
  1641 | D        | Reached skill level 5 in Translocations
  1661 | D        | Noticed an earth elemental
  1664 | D        | Killed an earth elemental
  1669 | D        | Noticed a centaur
  1669 | D        | Noticed a centaur warrior
  1669 | D        | Noticed a centaur
  1671 | D        | Killed a centaur
  1673 | D        | Killed a centaur warrior
  1673 | D        | Acquired Dithmenos's second power
  1673 | D        | Reached skill level 14 in Stealth
  1673 | D        | Reached skill level 5 in Ice Magic
  1673 | D        | Reached XP level 9. HP: 39/39 MP: 24/24
  1674 | D        | Killed a centaur
  1674 | D        | Reached skill level 10 in Short Blades
  1690 | D        | Noticed an unseen horror
  1690 | D        | Noticed an unseen horror
  1691 | D        | Killed an unseen horror
  1693 | D        | Killed an unseen horror
  1703 | D        | Noticed a killer bee
  1703 | D        | Noticed a queen bee
  1703 | D        | Noticed a killer bee
  1703 | D        | Noticed a killer bee
  1703 | D        | Noticed a killer bee
  1703 | D        | Noticed a killer bee
  1703 | D        | Noticed a killer bee
  1703 | D        | Noticed a killer bee
  1703 | D        | Noticed a killer bee
  1703 | D        | Noticed a killer bee
  1703 | D        | Noticed a killer bee
  1703 | D        | Noticed a killer bee
  1703 | D        | Noticed a killer bee
  1703 | D        | Noticed a killer bee
  1703 | D        | Noticed a killer bee
  1704 | D        | Noticed a killer bee
  1704 | D        | Noticed a killer bee
  1704 | D        | Noticed a killer bee
  1704 | D        | Noticed a killer bee
  1704 | D        | Noticed a killer bee
  1704 | D        | Noticed a killer bee
  1704 | D        | Noticed a killer bee
  1704 | D        | Noticed a killer bee
  1704 | D        | Noticed a killer bee
  1704 | D        | Noticed a killer bee
  1704 | D        | Noticed a killer bee
  1704 | D        | Noticed a killer bee
  1704 | D        | Noticed a killer bee
  1704 | D        | Noticed a killer bee
  1704 | D        | Noticed a killer bee
  1704 | D        | Noticed a killer bee
  1704 | D        | Noticed a killer bee
  1704 | D        | Noticed a killer bee
  1705 | D        | Killed a killer bee
  1705 | D        | Acquired Dithmenos's third power
  1706 | D        | Killed a killer bee
  1708 | D        | Killed a queen bee
  1708 | D        | Reached skill level 15 in Stealth
  1708 | D        | Reached XP level 10. HP: 44/44 MP: 26/26
  1709 | D        | Killed a killer bee
  1710 | D        | Killed a killer bee
  1711 | D        | Killed a killer bee
  1717 | D        | Killed a killer bee
  1719 | D        | Killed a killer bee
  1719 | D        | Acquired Dithmenos's fourth power
  1721 | D        | Killed a killer bee
  1723 | D        | Killed a killer bee
  1727 | D        | Killed a killer bee
  1729 | D        | Killed a killer bee
  1731 | D        | Killed a killer bee
  1742 | D        | Killed a yaktaur
  1870 | D        | Learned a level 4 spell: Cause Fear
  1872 | D        | Killed a killer bee
  1873 | D        | Killed a killer bee
  1875 | D        | Killed a killer bee
  1877 | D        | Killed a killer bee
  1880 | D        | Killed a killer bee
  1882 | D        | Killed a killer bee
  1884 | D        | Killed a killer bee
  1886 | D        | Killed a killer bee
  1888 | D        | Killed a killer bee
  1890 | D        | Killed a killer bee
  1892 | D        | Killed a killer bee
  1894 | D        | Killed a killer bee
  1911 | D        | Killed a killer bee
  1920 | D        | Killed a killer bee
  1935 | D        | Killed a killer bee
  1937 | D        | Killed a killer bee
  2084 | D        | Killed a killer bee
  2089 | D        | Killed a killer bee
  2093 | D        | Killed a killer bee
  2099 | D        | Killed a killer bee
  2175 | D        | Noticed a wandering mushroom
  2176 | D        | Noticed a wandering mushroom
  2176 | D        | Noticed a wandering mushroom
  2177 | D        | Killed a wandering mushroom
  2177 | D        | Reached skill level 16 in Stealth
  2179 | D        | Killed a wandering mushroom
  2179 | D        | Reached skill level 5 in Conjurations
  2180 | D        | Killed a wandering mushroom
  2218 | D        | Noticed a spiny frog
  2218 | D        | Noticed a komodo dragon
  2218 | D        | Noticed a spiny frog
  2221 | D        | Killed a spiny frog
  2223 | D        | Killed a spiny frog
  2223 | D        | Reached skill level 15 in Dodging
  2223 | D        | Reached skill level 10 in Hexes
  2224 | D        | Killed a komodo dragon
  2230 | D        | Noticed a redback
  2232 | D        | Killed a redback
  2233 | D        | Noticed a brain worm
  2236 | D        | Killed a brain worm
  2241 | D        | Noticed a brain worm
  2243 | D        | Killed a brain worm
  2249 | D        | Noticed a lindwurm
  2251 | D        | Noticed a redback
  2252 | D        | Killed a lindwurm
  2254 | D        | Killed a redback
  2259 | D        | Noticed a redback
  2260 | D        | Killed a redback
  2260 | D        | Reached XP level 11. HP: 47/47 MP: 29/29
  2261 | D        | Noticed Maud
  2264 | D        | Killed Maud
  2264 | D        | Reached skill level 17 in Stealth
  2268 | D        | Noticed an electric eel
  2269 | D        | Noticed a four-headed hydra
  2269 | D        | Noticed a seven-headed hydra
  2272 | D        | Killed an electric eel
  2274 | D        | Killed a four-headed hydra
  2275 | D        | Killed a seven-headed hydra
  2287 | D        | Noticed a death drake
  2290 | D        | Killed a death drake
  2290 | D        | Reached skill level 10 in Translocations
  2320 | D        | Found a blossoming altar of Fedhas.
  2320 | D        | Noticed a spriggan
  2320 | D        | Noticed a spriggan druid
  2320 | D        | Noticed a spriggan
  2325 | D        | Killed a spriggan
  2326 | D        | Killed a spriggan druid
  2326 | D        | Reached skill level 18 in Stealth
  2331 | D        | Killed a spriggan
  2434 | D        | Noticed an anaconda
  2436 | D        | Killed an anaconda
  2447 | D        | Noticed a water moccasin
  2447 | D        | Noticed an anaconda
  2447 | D        | Noticed a water moccasin
  2447 | D        | Noticed an anaconda
  2448 | D        | Noticed a water moccasin
  2449 | D        | Killed an anaconda
  2451 | D        | Killed an anaconda
  2456 | D        | Killed a water moccasin
  2461 | D        | Killed a water moccasin
  2462 | D        | Killed a water moccasin
  2628 | D        | Noticed a water moccasin
  2628 | D        | Noticed a water moccasin
  2628 | D        | Noticed a water moccasin
  2628 | D        | Noticed a black mamba
  2628 | D        | Noticed a water moccasin
  2629 | D        | Killed a water moccasin
  2631 | D        | Killed a black mamba
  2633 | D        | Killed a water moccasin
  2634 | D        | Killed a water moccasin
  2636 | D        | Killed a water moccasin
  2658 | D        | Noticed a naga
  2658 | D        | Noticed a naga
  2659 | D        | Noticed a naga warrior
  2659 | D        | Noticed a greater naga
  2659 | D        | Found Jofiv's Jewellery Shop.
  2659 | D        | Found Caot's Distillery.
  2660 | D        | Killed a naga
  2661 | D        | Killed a naga
  2662 | D        | Found Miurum's Antique Armour Boutique.
  2663 | D        | Killed a naga warrior
  2663 | D        | Reached skill level 15 in Spellcasting
  2663 | D        | Reached XP level 12. HP: 51/51 MP: 26/32
  2664 | D        | Killed a greater naga
  2664 | D        | Reached skill level 19 in Stealth
  2682 | D        | Noticed a guardian serpent
  2684 | D        | Killed a guardian serpent
  2687 | D        | Got a serpentine rune of Zot
  2772 | D        | Noticed a swamp drake
  2772 | D        | Noticed a fire drake
  2773 | D        | Killed a fire drake
  2775 | D        | Killed a swamp drake
  2783 | D        | Noticed a blink frog
  2783 | D        | Noticed a blink frog
  2784 | D        | Noticed a blink frog
  2784 | D        | Noticed a blink frog
  2784 | D        | Noticed a blink frog
  2785 | D        | Killed a blink frog
  2786 | D        | Killed a blink frog
  2788 | D        | Killed a blink frog
  2791 | D        | Killed a blink frog
  2797 | D        | Killed a blink frog
  2806 | D        | Noticed Rupert
  2808 | D        | Killed Rupert
  2843 | D        | Noticed a death yak
  2844 | D        | Noticed a death yak
  2844 | D        | Noticed a blink frog
  2844 | D        | Noticed an azure jelly
  2844 | D        | Noticed a death yak
  2844 | D        | Noticed an azure jelly
  2844 | D        | Noticed a blink frog
  2844 | D        | Noticed a death yak
  2845 | D        | Noticed a blink frog
  2855 | D        | Killed a death yak
  2999 | D        | Killed a blink frog
  3001 | D        | Noticed a black mamba
  3004 | D        | Noticed a black mamba
  3010 | D        | Killed a blink frog
  3018 | D        | Killed a black mamba
  3022 | D        | Killed a death yak
  3022 | D        | Reached skill level 20 in Stealth
  3023 | D        | Killed a black mamba
  3026 | D        | Killed a death yak
  3026 | D        | Reached skill level 15 in Short Blades
  3028 | D        | Killed a blink frog
  3030 | D        | Noticed an azure jelly
  3030 | D        | Noticed an azure jelly
  3040 | D        | Killed a death yak
  3171 | D        | Noticed a kraken
  3172 | D        | Noticed a snapping turtle
  3174 | D        | Noticed a snapping turtle
  3355 | D        | Killed a kraken
  3498 | D        | Killed a snapping turtle
  3510 | D        | Noticed a snapping turtle
  3510 | D        | Noticed a snapping turtle
  3511 | D        | Found Efumoaf's Gadget Shop.
  3511 | D        | Found Veuhuloa's Food Boutique.
  3511 | D        | Found Ufazomua's Antique Armour Shoppe.
  3511 | D        | Noticed a snapping turtle
  3511 | D        | Noticed a snapping turtle
  3518 | D        | Killed a snapping turtle
  3582 | D        | Killed a snapping turtle
  3583 | D        | Killed a snapping turtle
  3583 | D        | Reached XP level 13. HP: 55/55 MP: 21/34
  3585 | D        | Killed a snapping turtle
  3587 | D        | Killed a snapping turtle
  3591 | D        | Got a barnacled rune of Zot
  3659 | D        | Noticed an elephant
  3659 | D        | Noticed an elephant
  3659 | D        | Noticed a dire elephant
  3659 | D        | Noticed a dire elephant
  3659 | D        | Noticed Gastronok
  3661 | D        | Killed Gastronok
  3662 | D        | Killed a dire elephant
  3662 | D        | Reached skill level 21 in Stealth
  3664 | D        | Killed a dire elephant
  3668 | D        | Killed an elephant
  3670 | D        | Killed an elephant
  3979 | D        | Noticed an orc warrior
  3980 | D        | Noticed an orc sorcerer
  3981 | D        | Noticed an orc priest
  3981 | D        | Noticed an orc warrior
  3981 | D        | Noticed an orc wizard
  3981 | D        | Noticed an orc warrior
  3981 | D        | Noticed an orc warrior
  3981 | D        | Noticed an orc warrior
  3981 | D        | Noticed an orc priest
  3981 | D        | Found Zoiguell's Book Emporium.
  3982 | D        | Killed an orc sorcerer
  3983 | D        | Killed an orc warrior
  3987 | D        | Killed an orc priest
  3989 | D        | Killed an orc priest
  3990 | D        | Killed an orc warrior
  3996 | D        | Killed an orc warrior
  3999 | D        | Killed an orc warrior
  4004 | D        | Killed an orc wizard
  4016 | D        | Killed an orc warrior
  4127 | D        | Bought a manual of Stealth for 1214 gold pieces
  4257 | D        | Bought an uncursed ring of poison resistance for 260 gold pieces
  4257 | D        | Bought the ring "Idghaabra" {SustAt rF++ rN++ Stlth-} for 664 gold pieces
  4259 | D        | Bought an uncursed amulet of clarity for 260 gold pieces
  4261 | D        | Bought a potion of heal wounds for 65 gold pieces
  4261 | D        | Bought 2 potions of curing for 78 gold pieces
  4261 | D        | Bought a potion of brilliance for 52 gold pieces
  4261 | D        | Bought 2 potions of heal wounds for 130 gold pieces
  4261 | D        | Bought a potion of haste for 130 gold pieces
  4477 | D        | Noticed Dowan
  4477 | D        | Noticed Duvessa
  4479 | D        | Killed Dowan
  4491 | D        | Killed Duvessa
  4518 | D        | Noticed an orc priest
  4518 | D        | Noticed an orc priest
  4522 | D        | Noticed an orc priest
  4522 | D        | Noticed an orc priest
  4523 | D        | Killed an orc priest
  4524 | D        | Killed an orc priest
  4527 | D        | Killed an orc priest
  4528 | D        | Killed an orc priest
  4630 | D        | Noticed an orange crystal statue
  4631 | D        | Noticed a spriggan defender
  4632 | D        | Noticed a spriggan defender
  4632 | D        | Noticed a spriggan defender
  4632 | D        | Noticed a spriggan defender
  4633 | D        | Killed a spriggan defender
  4634 | D        | Killed a spriggan defender
  4636 | D        | Killed a spriggan defender
  4637 | D        | Killed a spriggan defender
  4757 | D        | Noticed a slime creature
  4759 | D        | Killed a slime creature
  4762 | D        | Noticed a green ugly thing
  4765 | D        | Killed a green ugly thing
  4765 | D        | Reached skill level 22 in Stealth
  4767 | D        | Noticed a brown ugly thing
  4769 | D        | Killed a brown ugly thing
  4791 | D        | Noticed a fire dragon
  4795 | D        | Killed a fire dragon
  4805 | D        | Noticed a centaur warrior
  4809 | D        | Killed a centaur warrior
  4829 | D        | Noticed a merfolk
  4832 | D        | Killed a merfolk
  4847 | D        | Noticed a scimitar of venom
  4847 | D        | Noticed a flail of holy wrath
  4851 | D        | Noticed a dire flail of crushing
  4852 | D        | Noticed a halberd of chopping
  4853 | D        | Killed a dire flail of crushing
  4855 | D        | Killed a halberd of chopping
  4857 | D        | Killed a scimitar of venom
  4859 | D        | Killed a flail of holy wrath
  4859 | D        | Reached skill level 23 in Stealth
  4864 | D        | Got a warped rapier
  4865 | D        | Identified the +9 rapier of Gaps {pierce, rC+++ MP-9 Str+4} (You found it in the Dungeon)
  4928 | D        | Killed an orange crystal statue
  4940 | D        | Found Caohaug's Magic Scroll Emporium.
  4940 | D        | Found Ythraf's Book Shop.
  4940 | D        | Found Izitsov's Food Boutique.
  4940 | D        | Found Jonateixau's Antique Armour Shoppe.
  4940 | D        | Found Uxogokko's Antique Weapon Boutique.
  4940 | D        | Found Xokkig's Antique Armour Emporium.
  4940 | D        | Found Suide's Gadget Shoppe.
  4940 | D        | Found Deneulet's Distillery.
  4940 | D        | Found Xeimumo's Jewellery Shop.
  4940 | D        | Found Achaheij's Gadget Emporium.
  4940 | D        | Found Xefa's Book Emporium.
  4940 | D        | Found Quysaib's Jewellery Boutique.
  4962 | D        | Bought the amulet of the Four Winds {Clar rN+ MR+++} for 424 gold pieces
  4967 | D        | Bought a scroll of identify for 22 gold pieces
  4967 | D        | Bought a scroll of identify for 22 gold pieces
  4967 | D        | Bought a scroll of identify for 22 gold pieces
  4996 | D        | Bought the ring "Tenuic Tog" {+Blink rF- rN+ Str+3 Int+3} for 332 gold pieces
  5007 | D        | Bought a wand of heal wounds (2) for 396 gold pieces
  5009 | D        | Bought a scroll of recharging for 104 gold pieces
  5009 | D        | Bought a scroll of magic mapping for 38 gold pieces
  5014 | D        | Bought a scroll of blinking for 82 gold pieces
  5015 | D        | Bought a book of Clouds for 495 gold pieces
  5019 | D        | Learned a level 3 spell: Mephitic Cloud
  5026 | D        | Learned a level 6 spell: Freezing Cloud
  5033 | D        | Learned a level 6 spell: Poisonous Cloud
  5046 | D        | Bought a potion of curing for 33 gold pieces
  5046 | D        | Bought a potion of magic for 88 gold pieces
  5046 | D        | Bought a potion of heal wounds for 55 gold pieces
  5046 | D        | Bought a potion of curing for 33 gold pieces
  5046 | D        | Bought a potion of curing for 33 gold pieces
  5096 | D        | Noticed a slime creature
  5096 | D        | Noticed a slime creature
  5097 | D        | Noticed a cyan ugly thing
  5098 | D        | Killed a slime creature
  5099 | D        | Noticed a yaktaur captain
  5100 | D        | Killed a cyan ugly thing
  5100 | D        | Reached skill level 1 in Evocations
  5102 | D        | Killed a slime creature
  5187 | D        | Shot with a bolt by a yaktaur captain

Vault maps used:
D:        dungeon_sprint_mu

Action                   |  1- 3 |  4- 6 |  7- 9 | 10-12 | 13-15 || total
-------------------------+-------+-------+-------+-------+-------++-------
Melee: Dagger            |    27 |    16 |    26 |   160 |   357 ||   586
       Rapier            |       |       |       |       |    16 ||    16
 Cast: Corona            |     2 |       |       |       |       ||     2
       Ensorcelled Hiber |     1 |     3 |       |    39 |     1 ||    44
       Dazzling Spray    |       |    18 |     7 |    23 |     7 ||    55
       Tukima's Dance    |       |     2 |       |       |     1 ||     3
       Gell's Gravitas   |       |       |       |     4 |       ||     4
       Invisibility      |       |       |       |     4 |     4 ||     8
       Cause Fear        |       |       |       |     1 |       ||     1
       Freezing Cloud    |       |       |       |       |     2 ||     2
       Confuse           |       |       |       |       |     1 ||     1
Invok: Shadow Step       |       |       |       |    15 |     7 ||    22
  Use: Potion            |     7 |     3 |     1 |       |       ||    11
       Scroll            |     2 |       |       |       |     4 ||     6
 Stab: Sleeping          |     5 |     3 |    12 |    70 |    33 ||   123
       Invisible         |       |     1 |       |    13 |     6 ||    20
       Confused          |       |       |       |       |     4 ||     4
  Eat: Bread ration      |       |       |     1 |       |     1 ||     2
